 Dungeon Crawl Stone Soup version 0.28-a0-258-g8de209e91f (webtiles) character file.

Game seed: 11364903583523969089

56 graki42 the Sneak (level 3, -9/21 HPs)
             Began as an Octopode Enchanter on Aug 26, 2021.
             Killed from afar by Natasha (10 damage)
             ... with a magic dart
             ... on level 2 of the Dungeon.
             The game lasted 00:02:31 (1758 turns).

graki42 the Sneak (Octopode Enchanter)              Turns: 1758, Time: 00:02:32

Health: -9/21      AC:  1    Str:  8    XL:     3   Next: 95%
Magic:  6/6        EV: 13    Int: 17    God:
Gold:   67         SH:  0    Dex: 12    Spells: 6/6 levels left

rFire   . . .      SeeInvis .   a - +1 dagger
rCold   . . .      Faith    .   (no shield)
rNeg    . . .      Spirit   .   (helmet restricted)
rPois   .          Reflect  .   (no amulet)
rElec   .          Harm     .   (no ring)
rCorr   .          Rampage  .   (no ring)
Will    .....                   (no ring)
Stlth   ++++......              (no ring)
HPRegen 0.07/turn               (no ring)
MPRegen 0.10/turn               (no ring)
                                (no ring)
                                (no ring)

@: very slightly contaminated, invisible
A: almost no armour, amphibious, 8 rings, camouflage 1, gelatinous body 1,
(nimble swimmer 1), tentacles
a: no special abilities


You were on level 2 of the Dungeon.
You visited 1 branch of the dungeon, and saw 2 of its levels.

You collected 67 gold pieces.

Inventory:

Hand Weapons
 a - a +1 dagger (weapon)
Scrolls
 d - 2 scrolls of enchant weapon {unknown}
Potions
 e - a potion of might {unknown}
 f - a potion of brilliance {unknown}
 g - a potion of lignification {unknown}


   Skills:
 + Level 1.7 Short Blades
 + Level 2.5 Dodging
 + Level 4.6 Stealth
 + Level 2.4 Spellcasting
 + Level 3.3 Hexes


You had 6 spell levels left.
You didn't know any spells.
Your spell library contained the following spells:

 Spells                   Type           Power      Damage    Failure   Level
 Ensorcelled Hibernation  Hex/Ice        14%        N/A       14%         2
 Confusing Touch          Hex            13%        N/A       14%         3
 Tukima's Dance           Hex            13%        N/A       14%         3
 Sublimation of Blood     Necr           1%         N/A       28%         2
 Wereblood                Tmut           2%         N/A       28%         2
 Dazzling Flash           Conj/Hex       14%        N/A       28%         3
 Inner Flame              Hex/Fire       7%         N/A       28%         3
 Cause Fear               Hex            6%         N/A       41%         4
 Summon Hydra             Summ           1%         N/A       100%        7
 Discord                  Hex            6%         N/A       100%        8


Dungeon Overview and Level Annotations

Branches:
Dungeon (2/15)

Altars:

Annotations:
D:2 Natasha


Innate Abilities, Weirdness & Mutations

You cannot wear most types of armour.
You are amphibious.
You can wear up to eight rings at the same time.
Your skin changes colour to match your surroundings (Stealth+).
Your rubbery body absorbs attacks. (AC +1, EV +1)
((You are camouflaged near water. (Stealth+)))
You have tentacles for arms and can constrict up to eight enemies at once.


Message History

Unknown command.
You fade into invisibility!
The crimson imp misses you. The jackal misses you.
You are very lightly contaminated with residual magic.
You hit the jackal but do no damage. You grab the jackal.
You constrict the jackal, but do no damage.
The jackal bites you. The crimson imp misses you.
You catch the helpless jackal completely off-guard!
You puncture the jackal!
You kill the jackal!
The crimson imp closely misses you.
You barely miss the frilled lizard. Your grab misses the frilled lizard.
The crimson imp disappears in a puff of smoke!
Natasha casts a spell.
The crimson imp hits you.
You hit the frilled lizard.
You kill the frilled lizard!
The crimson imp shouts, "Slither home, thou jarring onion-eyed vassal!"
The crimson imp closely misses you. The jackal barely misses you.
You barely miss the jackal. You grab the jackal. You squeeze the jackal.
The jackal is almost dead.
You constrict the jackal.
You kill the jackal!
The crimson imp disappears in a puff of smoke!
Natasha casts a spell at you. You resist with significant effort.
The crimson imp shouts!
You hit Natasha but do no damage. Your grab misses Natasha. You hit Natasha.
Your grab misses Natasha.
Natasha is moderately wounded.
Natasha casts a spell at you. The magic dart hits you!
* * * LOW HITPOINT WARNING * * *
Unknown command.
The jackal barks!
You hit Natasha. Your grab misses Natasha.
Natasha is heavily wounded.
Natasha stares at you and mumbles some strange words.
The magic dart hits you!
You die...

..#..##.........## #.......#
.....##..........# #.#.#....
..#..##..........####.....#
.....##..<..........5h.r..#.##
..#..##.........h.............
.....##..........#.#..#...#.#.
......#.........5#h...........
...#..##########h#....#.#.#...
...... #@#....#...# .. ......
#..ยง#....###.# . .###..
#.......... .# .# ..
........#..#. # .##...
###....... ...... .........
...... ..###...!.. .....# ...
#....#.. ##....


You could see Natasha, a crimson imp (summoned) and a jackal (wandering).

Vanquished Creatures
  Natasha (D:2)
  A dart slug (D:2)
  2 ball pythons
  2 bats (D:1)
  2 endoplasms (D:1)
  A giant cockroach (D:1)
  4 goblins
  2 hobgoblins (D:2)
  3 jackals (D:2)
  A quokka (D:1)
  2 frilled lizards
  3 kobolds
  4 rats
28 creatures vanquished.

Vanquished Creatures (others)
  2 plants (D:1)
2 creatures vanquished.

Grand Total: 30 creatures vanquished

Notes
Turn   | Place    | Note
-------+----------+-------------------------------------------
     0 | D:1      | graki42 the Octopode Enchanter began the quest for the Orb.
     0 | D:1      | Reached XP level 1. HP: 11/11 MP: 3/3
   466 | D:1      | Reached XP level 2. HP: 15/17 MP: 5/5
  1136 | D:1      | Found a faded altar of an unknown god.
  1467 | D:2      | Reached XP level 3. HP: 13/21 MP: 6/6
  1578 | D:2      | Noticed Natasha
  1590 | D:2      | Killed Natasha
  1726 | D:2      | Noticed Natasha
  1757 | D:2      | HP: 1/21 [Natasha/magic dart (8)]
  1758 | D:2      | Killed from afar by Natasha

Illustrated notes

Levels and vault maps discovered:
D:1:      dpeg_arrival_houses_and_road, layout_basic,
          hellmonk_ecumenical_altar_slurped_away, kennysheep_pointless_box,
          dk_noncrumbling_3, serial_bayou_lagoon_a, chequers_decorated_corner
D:2:      layout_basic, chequers_serial_rivers_micro_c, nrook_mini_backslash,
          minmay_tiny_reverse_x, uniq_natasha

Action                   || total
-------------------------++-------
Melee: Dagger            ||    76
       Constrict         ||    15
       Tentacles         ||     7
  Use: Potion            ||     2
 Stab: Sleeping          ||     8
       Invisible         ||     1
Armor: Skin              ||    13
Dodge: Dodged            ||    45

Table legend: (Time is in decaauts)
 A = Elapsed time spent in this place.
 B = Non-inter-level travel time spent in this place.
 C = Inter-level travel time spent in this place.
 D = Time resting spent in this place.
 E = Time spent auto-exploring this place.
 F = Levels seen in this place.
 G = Mean time per level.
                   A        B        C        D        E       F      G
               +--------+--------+--------+--------+--------+-----+--------+
         Total |   1758 |   1755 |      3 |    222 |   1323 |   2 |  879.0 |
       Dungeon |   1758 |   1755 |      3 |    222 |   1323 |   2 |  879.0 |
               +--------+--------+--------+--------+--------+-----+--------+

Top non-repeatable levels by time:
     D:1: 1323 daAuts
     D:2: 435 daAuts
